TOP OF THE 1ST |
Seattle Mariners batting - Pitching for Minnesota Twins : RHP Jason Hammel
|
Pitching: RHP Jason Hammel
|
|
Batting: LHB Ben Revere
|
0-0: Ground out 4-3 (Groundball, 4M)
|
Batting: RHB Cameron Maybin
|
0-0: DOUBLE (Line Drive, 9LD)
|
Batting: RHB Manny Machado
|
0-0: Ball 1-0: 2-RUN HOME RUN (Flyball, 9LD), Distance : 358 ft
|
Batting: RHB Kris Bryant
|
0-0: Swinging Strike 0-1: Ball 1-1: Ball 2-1: Fly out, F7 (Flyball, 78D)
|
Batting: LHB Preston Tucker
|
0-0: Ball 1-0: Ball 2-0: Swinging Strike 2-1: Ground out U3 (Groundball, 3S)
|
Top of the 1st over - 2 runs, 2 hits, 0 errors, 0 left on base; Seattle 2 - Minnesota 0 |
BOTTOM OF THE 1ST |
Minnesota Twins batting - Pitching for Seattle Mariners : RHP Daniel Gossett
|
Pitching: RHP Daniel Gossett
|
|
Batting: RHB Ian Kinsler
|
0-0: Called Strike 0-1: Called Strike 0-2: Ball 1-2: Strikes out swinging
|
Batting: RHB Howie Kendrick
|
0-0: Ball 1-0: Ground out 6-3 (Groundball, 56)
|
Batting: LHB Freddie Freeman
|
0-0: Swinging Strike 0-1: Swinging Strike 0-2: Fly out, F8 (Line Drive, 8LD)
|
Bottom of the 1st over - 0 runs, 0 hits, 0 errors, 0 left on base; Seattle 2 - Minnesota 0 |
TOP OF THE 2ND |
Seattle Mariners batting - Pitching for Minnesota Twins : RHP Jason Hammel
|
Batting: RHB Hanley Ramirez
|
0-0: Foul Ball, location: 2F 0-1: Ball 1-1: SINGLE (Groundball, 56D)
|
Batting: LHB Brandon Nimmo
|
0-0: Called Strike 0-1: Foul Ball, location: 2F 0-2: Foul Ball, location: 2F 0-2: Foul Ball, location: 2F 0-2: Strikes out swinging
|
Batting: RHB Christian Villanueva
|
0-0: Ball 1-0: Fly out, F8 (Flyball, 78M)
|
Batting: RHB Pedro Severino
|
0-0: Ball 1-0: Swinging Strike 1-1: Ground out 4-3 (Groundball, 4)
|
Top of the 2nd over - 0 runs, 1 hit, 0 errors, 1 left on base; Seattle 2 - Minnesota 0 |
BOTTOM OF THE 2ND |
Minnesota Twins batting - Pitching for Seattle Mariners : RHP Daniel Gossett
|
Batting: LHB Adam Lind
|
0-0: Called Strike 0-1: Ball 1-1: Called Strike 1-2: Foul Ball, location: 2F 1-2: Fly out, F9 (Flyball, 9)
|
Batting: RHB Avisail Garcia
|
0-0: Ball 1-0: Called Strike 1-1: Foul Ball, location: 2F 1-2: Foul Ball, location: 2F 1-2: Ball 2-2: Fly out, F7 (Flyball, 78S)
|
Batting: RHB Adam Jones
|
0-0: Ground out 1-3 (Groundball, 13S)
|
Bottom of the 2nd over - 0 runs, 0 hits, 0 errors, 0 left on base; Seattle 2 - Minnesota 0 |
TOP OF THE 3RD |
Seattle Mariners batting - Pitching for Minnesota Twins : RHP Jason Hammel
|
Batting: LHB Ben Revere
|
0-0: Called Strike 0-1: Ball 1-1: Ball 2-1: Foul Ball, location: 2F 2-2: Ball 3-2: Base on Balls
|
Batting: RHB Cameron Maybin
|
0-0: Ball 1-0: Ball 2-0: Called Strike 2-1: Called Strike 2-2: Foul Ball, location: 2F 2-2: Ball 3-2: SINGLE (Groundball, 25) (infield hit) Ben Revere to second
|
Batting: RHB Manny Machado
|
0-0: Ball 1-0: Foul Ball, location: 2F 1-1: Fly out, F6 (Popup, 4M)
|
Batting: RHB Kris Bryant
|
0-0: Called Strike Ben Revere steals 3rd base 0-1: Swinging Strike 0-2: Ball 1-2: Foul Ball, location: 2F 1-2: 3-RUN HOME RUN (Flyball, 7D), Distance : 370 ft
|
Batting: LHB Preston Tucker
|
0-0: Called Strike 0-1: DOUBLE (Groundball, 3L)
|
Batting: RHB Hanley Ramirez
|
0-0: Called Strike 0-1: Ground out 5-3 (Groundball, 56)
|
Batting: LHB Brandon Nimmo
|
0-0: Ball 1-0: Foul Ball, location: 2F 1-1: Ball 2-1: Ball 3-1: Base on Balls
|
Batting: RHB Christian Villanueva
|
0-0: Called Strike 0-1: Foul Ball, location: 2F 0-2: SINGLE (Groundball, 6M) (infield hit) Preston Tucker to third Brandon Nimmo to second
|
Batting: RHB Pedro Severino
|
0-0: Fly out, F8 (Flyball, 8RD)
|
Top of the 3rd over - 3 runs, 4 hits, 0 errors, 3 left on base; Seattle 5 - Minnesota 0 |
BOTTOM OF THE 3RD |
Minnesota Twins batting - Pitching for Seattle Mariners : RHP Daniel Gossett
|
Batting: RHB Maikel Franco
|
0-0: Called Strike 0-1: Fly out, F5 (Popup, 5F)
|
Batting: RHB Chris Iannetta
|
0-0: Called Strike 0-1: Fly out, F8 (Flyball, 8RD)
|
Batting: RHB Miguel Rojas
|
0-0: Foul Ball, location: 2F 0-1: Ball 1-1: Fly out, F7 (Flyball, 7LD)
|
Bottom of the 3rd over - 0 runs, 0 hits, 0 errors, 0 left on base; Seattle 5 - Minnesota 0 |
TOP OF THE 4TH |
Seattle Mariners batting - Pitching for Minnesota Twins : RHP Jason Hammel
|
Batting: LHB Ben Revere
|
0-0: Foul Ball, location: 2F 0-1: Ground out 6-3 (Groundball, 6)
|
Batting: RHB Cameron Maybin
|
0-0: Ball 1-0: Foul Ball, location: 2F 1-1: Ball 2-1: Ground out 5-3 (Groundball, 56)
|
Batting: RHB Manny Machado
|
0-0: Ball 1-0: Called Strike 1-1: Ball 2-1: Ball 3-1: Foul Ball, location: 2F 3-2: Ground out 6-3 (Groundball, 56)
|
Top of the 4th over - 0 runs, 0 hits, 0 errors, 0 left on base; Seattle 5 - Minnesota 0 |
BOTTOM OF THE 4TH |
Minnesota Twins batting - Pitching for Seattle Mariners : RHP Daniel Gossett
|
Batting: RHB Ian Kinsler
|
0-0: Called Strike 0-1: Foul Ball, location: 2F 0-2: Ball 1-2: Ball 2-2: Foul Ball, location: 2F 2-2: Foul Ball, location: 2F 2-2: Foul Ball, location: 2F 2-2: SINGLE (Line Drive, 8LS)
|
Batting: RHB Howie Kendrick
|
0-0: Foul Ball, location: 2F 0-1: Foul Ball, location: 2F 0-2: SINGLE (Line Drive, 56) Ian Kinsler to second
|
Batting: LHB Freddie Freeman
|
0-0: Ball 1-0: Ball 2-0: Ball 3-0: Base on Balls Ian Kinsler to third Howie Kendrick to second
|
Batting: LHB Adam Lind
|
0-0: Ball 1-0: Swinging Strike 1-1: Grounds into double play, 4-6-3 (Groundball, 4) Ian Kinsler scores Howie Kendrick to third
|
Batting: RHB Avisail Garcia
|
0-0: Ball 1-0: Fly out, F4 (Popup, 4D)
|
Bottom of the 4th over - 1 run, 2 hits, 0 errors, 1 left on base; Seattle 5 - Minnesota 1 |
TOP OF THE 5TH |
Seattle Mariners batting - Pitching for Minnesota Twins : RHP Jason Hammel
|
Batting: RHB Kris Bryant
|
0-0: Ball 1-0: SINGLE (Groundball, 5) (infield hit)
|
Batting: LHB Preston Tucker
|
0-0: Called Strike 0-1: Ball 1-1: Called Strike 1-2: Strikes out looking
|
Pitching: RHP Matt Harvey
|
|
Batting: RHB Hanley Ramirez
|
0-0: Ball 1-0: Ball 2-0: Called Strike 2-1: Ball 3-1: Base on Balls Kris Bryant to second
|
Batting: LHB Brandon Nimmo
|
0-0: Ball 1-0: Ball 2-0: Foul Ball, location: 2F 2-1: Called Strike 2-2: Strikes out swinging
|
Batting: RHB Christian Villanueva
|
0-0: Called Strike 0-1: Fly out, F8 (Line Drive, 8RM)
|
Top of the 5th over - 0 runs, 1 hit, 0 errors, 2 left on base; Seattle 5 - Minnesota 1 |
BOTTOM OF THE 5TH |
Minnesota Twins batting - Pitching for Seattle Mariners : RHP Daniel Gossett
|
Batting: RHB Adam Jones
|
0-0: Foul Ball, location: 2F 0-1: Hit by Pitch
|
Batting: RHB Maikel Franco
|
0-0: Called Strike 0-1: SINGLE (Line Drive, 56D) Adam Jones to second
|
Batting: RHB Chris Iannetta
|
0-0: Foul Ball, location: 2F 0-1: Ball 1-1: Called Strike 1-2: Fly out, F3 (Popup, 3S)
|
Batting: RHB Miguel Rojas
|
0-0: Called Strike 0-1: Ball 1-1: Ball 2-1: Called Strike 2-2: Ball 3-2: Fly out, F8 (Flyball, 8RM)
|
Batting: RHB Ian Kinsler
|
0-0: Ball 1-0: Foul Ball, location: 2F 1-1: SINGLE (Groundball, 56D) Adam Jones to third Maikel Franco to second Runner from 3rd tries for Home, SAFE, throw made home
|
Batting: RHB Howie Kendrick
|
0-0: Ball 1-0: Ball 2-0: Called Strike 2-1: Fielders Choice at 2nd, 6-4 (Groundball, 6)
|
Bottom of the 5th over - 1 run, 2 hits, 0 errors, 2 left on base; Seattle 5 - Minnesota 2 |
TOP OF THE 6TH |
Seattle Mariners batting - Pitching for Minnesota Twins : RHP Matt Harvey
|
Batting: RHB Pedro Severino
|
0-0: Ball 1-0: Ball 2-0: Called Strike 2-1: Called Strike 2-2: DOUBLE (Line Drive, 9LM)
|
Batting: LHB Ben Revere
|
0-0: Ball 1-0: Foul Ball, location: 2F 1-1: Swinging Strike 1-2: Foul Ball, location: 2F 1-2: Strikes out looking
|
Pitching: RHP Juan Nicasio
|
|
Batting: RHB Cameron Maybin
|
0-0: Called Strike 0-1: Ball 1-1: Foul Ball, location: 2F 1-2: Ball 2-2: Foul Ball, location: 2F 2-2: Strikes out swinging
|
Batting: RHB Manny Machado
|
0-0: Called Strike 0-1: Called Strike 0-2: Ball 1-2: Ball 2-2: Foul Ball, location: 2F 2-2: Fly out, F3 (Popup, 34)
|
Top of the 6th over - 0 runs, 1 hit, 0 errors, 1 left on base; Seattle 5 - Minnesota 2 |
BOTTOM OF THE 6TH |
Minnesota Twins batting - Pitching for Seattle Mariners : RHP Daniel Gossett
|
Batting: LHB Freddie Freeman
|
0-0: Ball 1-0: Ball 2-0: Ball 3-0: Called Strike 3-1: Base on Balls
|
Pitching: RHP Matt Albers
|
|
Batting: LHB Adam Lind
|
0-0: Ball 1-0: Ball 2-0: Ball 3-0: Called Strike 3-1: Base on Balls Freddie Freeman to second
|
Batting: RHB Avisail Garcia
|
0-0: Ball 1-0: 3-RUN HOME RUN (Line Drive, 7D), Distance : 369 ft
|
Pitching: LHP Jarlin Garcia
|
|
Batting: RHB Adam Jones
|
0-0: Ground out 2-3 (Groundball, 2R)
|
Batting: RHB Maikel Franco
|
0-0: Fly out, F8 (Flyball, 8LXD)
|
Pitching: RHP Jose Leclerc
|
|
Batting: RHB Chris Iannetta
|
0-0: Ball 1-0: Foul Ball, location: 2F 1-1: Foul Ball, location: 2F 1-2: Foul Ball, location: 2F 1-2: Fly out, F7 (Flyball, 7D)
|
Bottom of the 6th over - 3 runs, 1 hit, 0 errors, 0 left on base; Seattle 5 - Minnesota 5 |
TOP OF THE 7TH |
Seattle Mariners batting - Pitching for Minnesota Twins : RHP Juan Nicasio
|
Pitching: RHP Tommy Kahnle
|
|
Batting: RHB Kris Bryant
|
0-0: Ball 1-0: Ball 2-0: Swinging Strike 2-1: Fly out, F4 (Flyball, 34D)
|
Batting: LHB Preston Tucker
|
0-0: Swinging Strike 0-1: Called Strike 0-2: Ball 1-2: Ball 2-2: Strikes out swinging
|
Batting: RHB Hanley Ramirez
|
0-0: Called Strike 0-1: Ball 1-1: Ground out 1-3 (Groundball, 15)
|
Top of the 7th over - 0 runs, 0 hits, 0 errors, 0 left on base; Seattle 5 - Minnesota 5 |
BOTTOM OF THE 7TH |
Minnesota Twins batting - Pitching for Seattle Mariners : RHP Jose Leclerc
|
Batting: RHB Miguel Rojas
|
0-0: Called Strike 0-1: Ball 1-1: Ball 2-1: Fly out, F7 (Flyball, 7LD)
|
Batting: RHB Ian Kinsler
|
0-0: Ball 1-0: Ball 2-0: Fly out, F6 (Popup, 6S)
|
Batting: RHB Howie Kendrick
|
0-0: Called Strike 0-1: Ball 1-1: Foul Ball, location: 2F 1-2: Ball 2-2: Ball 3-2: Foul Ball, location: 2F 3-2: Ground out 5-3 (Groundball, 56)
|
Bottom of the 7th over - 0 runs, 0 hits, 0 errors, 0 left on base; Seattle 5 - Minnesota 5 |
TOP OF THE 8TH |
Seattle Mariners batting - Pitching for Minnesota Twins : RHP Tommy Kahnle
|
Pitching: LHP Wandy Peralta
|
|
Batting: LHB Brandon Nimmo
|
0-0: Ball 1-0: Ball 2-0: Called Strike 2-1: Foul Ball, location: 2F 2-2: Strikes out swinging
|
Pitching: RHP A.J. Ramos
|
|
Batting: RHB Christian Villanueva
|
0-0: Called Strike 0-1: Ball 1-1: Ball 2-1: Ball 3-1: Foul Ball, location: 2F 3-2: Foul Ball, location: 2F 3-2: Foul Ball, location: 2F 3-2: Fly out, F7 (Line Drive, 7D)
|
Batting: RHB Pedro Severino
|
0-0: Foul Ball, location: 2F 0-1: Swinging Strike 0-2: Ball 1-2: Ball 2-2: Foul Ball, location: 2F 2-2: Strikes out swinging
|
Top of the 8th over - 0 runs, 0 hits, 0 errors, 0 left on base; Seattle 5 - Minnesota 5 |
BOTTOM OF THE 8TH |
Minnesota Twins batting - Pitching for Seattle Mariners : RHP Jose Leclerc
|
Pitching: RHP Heath Hembree
|
|
Batting: LHB Freddie Freeman
|
0-0: Called Strike 0-1: Ball 1-1: Swinging Strike 1-2: Ball 2-2: Ball 3-2: Foul Ball, location: 2F 3-2: Base on Balls
|
Batting: LHB Adam Lind
|
0-0: Ball Freddie Freeman steals 2nd base 1-0: Intentional Walk
|
Batting: RHB Avisail Garcia
|
0-0: Foul Ball, location: 2F 0-1: Ball 1-1: Foul Ball, location: 2F 1-2: Ball 2-2: Fly out, F3 (Popup, 3DF)
|
Batting: RHB Adam Jones
|
0-0: Called Strike 0-1: SINGLE (Line Drive, 89M) Freddie Freeman to third Adam Lind to second
|
Batting: RHB Maikel Franco
|
0-0: Ball 1-0: Swinging Strike 1-1: Foul Ball, location: 2F 1-2: Fly out, F7 (Line Drive, 7S)
|
Batting: RHB Chris Iannetta
|
0-0: Called Strike 0-1: Called Strike 0-2: Ball 1-2: Fielders Choice at 2nd, 6-4 (Groundball, 6)
|
Bottom of the 8th over - 0 runs, 1 hit, 0 errors, 3 left on base; Seattle 5 - Minnesota 5 |
TOP OF THE 9TH |
Seattle Mariners batting - Pitching for Minnesota Twins : RHP A.J. Ramos
|
Pitching: RHP David Robertson
|
|
Batting: LHB Ben Revere
|
0-0: Ball 1-0: Ball 2-0: Ball 3-0: Called Strike 3-1: Base on Balls
|
Batting: RHB Cameron Maybin
|
0-0: Ball 1-0: Sac Bunt - play at first, batter OUT! 5-4 Ben Revere to second
|
Batting: RHB Manny Machado
|
0-0: SINGLE (Line Drive, 7S) Ben Revere to third
|
Batting: RHB Kris Bryant
|
0-0: Called Strike Manny Machado steals 2nd base 0-1: Ball 1-1: Intentional Walk
|
Batting: LHB Preston Tucker
|
0-0: Called Strike 0-1: Ball 1-1: Swinging Strike 1-2: Strikes out swinging
|
Batting: RHB Hanley Ramirez
|
0-0: Foul Ball, location: 2F 0-1: Ground out 5-3 (Groundball, 56S)
|
Top of the 9th over - 0 runs, 1 hit, 0 errors, 3 left on base; Seattle 5 - Minnesota 5 |
BOTTOM OF THE 9TH |
Minnesota Twins batting - Pitching for Seattle Mariners : RHP Heath Hembree
|
Pitching: RHP Jim Johnson
|
|
Pinch Hitting: SHB Kendrys Morales
|
0-0: Ball 1-0: Ground out 5-3 (Groundball, 5)
|
Batting: RHB Ian Kinsler
|
0-0: Swinging Strike 0-1: Called Strike 0-2: Strikes out swinging
|
Batting: RHB Howie Kendrick
|
0-0: Swinging Strike 0-1: Ball 1-1: Ball 2-1: Ground out 1-3 (Groundball, 34S)
|
Bottom of the 9th over - 0 runs, 0 hits, 0 errors, 0 left on base; Seattle 5 - Minnesota 5 |
TOP OF THE 10TH |
Seattle Mariners batting - Pitching for Minnesota Twins : RHP David Robertson
|
Pitching: RHP Alex Meyer
|
|
Now at SS: Eric Sogard
|
|
Batting: LHB Brandon Nimmo
|
0-0: Ball 1-0: Ball 2-0: Ball 3-0: Base on Balls
|
Batting: RHB Christian Villanueva
|
0-0: Swinging Strike 0-1: Foul Ball, location: 2F 0-2: SINGLE (Groundball, 56D) Brandon Nimmo to second
|
Batting: RHB Pedro Severino
|
0-0: Foul Ball, location: 2F 0-1: Ball 1-1: Called Strike 1-2: Ball 2-2: Strikes out swinging
|
Batting: LHB Ben Revere
|
0-0: Called Strike 0-1: Swinging Strike 0-2: Grounds into double play, 6-4-3 (Groundball, 6)
|
Top of the 10th over - 0 runs, 1 hit, 0 errors, 1 left on base; Seattle 5 - Minnesota 5 |
BOTTOM OF THE 10TH |
Minnesota Twins batting - Pitching for Seattle Mariners : RHP Jim Johnson
|
Pitching: RHP Edubray Ramos
|
|
Batting: LHB Freddie Freeman
|
0-0: Fly out, F9 (Flyball, 89M)
|
Batting: LHB Adam Lind
|
0-0: Ball 1-0: Called Strike 1-1: Swinging Strike 1-2: Foul Ball, location: 2F 1-2: Ball 2-2: Foul Ball, location: 2F 2-2: Fly out, F8 (Line Drive, 8RD)
|
Batting: RHB Avisail Garcia
|
0-0: DOUBLE (Line Drive, 7LD)
|
Batting: RHB Adam Jones
|
0-0: Called Strike 0-1: Fly out, F8 (Line Drive, 8RD)
|
Bottom of the 10th over - 0 runs, 1 hit, 0 errors, 1 left on base; Seattle 5 - Minnesota 5 |
TOP OF THE 11TH |
Seattle Mariners batting - Pitching for Minnesota Twins : RHP Alex Meyer
|
Batting: RHB Cameron Maybin
|
0-0: Ball 1-0: Called Strike 1-1: Foul Ball, location: 2F 1-2: Ball 2-2: Ball 3-2: Base on Balls
|
Batting: RHB Manny Machado
|
0-0: Ball Cameron Maybin steals 2nd base 1-0: Called Strike 1-1: Called Strike 1-2: Ball Wild Pitch! Cameron Maybin to third 2-2: Ball 3-2: Ground out 4-3 (Groundball, 34)
|
Batting: RHB Kris Bryant
|
0-0: Intentional Walk
|
Batting: LHB Preston Tucker
|
0-0: Ball 1-0: Ball 2-0: Called Strike 2-1: Foul Ball, location: 2F 2-2: Foul Ball, location: 2F 2-2: Strikes out swinging
|
Batting: RHB Hanley Ramirez
|
0-0: Ball 1-0: Ball 2-0: Ball 3-0: Base on Balls Kris Bryant to second
|
Batting: LHB Brandon Nimmo
|
0-0: Fielders Choice at 2nd, 5-4 (Groundball, 56)
|
Top of the 11th over - 0 runs, 0 hits, 0 errors, 3 left on base; Seattle 5 - Minnesota 5 |
BOTTOM OF THE 11TH |
Minnesota Twins batting - Pitching for Seattle Mariners : RHP Edubray Ramos
|
Batting: RHB Maikel Franco
|
0-0: Ball 1-0: Foul Ball, location: 2F 1-1: Swinging Strike 1-2: Ball 2-2: Strikes out looking
|
Batting: RHB Chris Iannetta
|
0-0: Ground out U3 (Groundball, 34S)
|
Batting: LHB Eric Sogard
|
0-0: Called Strike 0-1: Foul Ball, location: 2F 0-2: Ball 1-2: Ball 2-2: Ball 3-2: Ground out 6-3 (Groundball, 6D)
|
Bottom of the 11th over - 0 runs, 0 hits, 0 errors, 0 left on base; Seattle 5 - Minnesota 5 |
TOP OF THE 12TH |
Seattle Mariners batting - Pitching for Minnesota Twins : RHP Alex Meyer
|
Batting: RHB Christian Villanueva
|
0-0: Swinging Strike 0-1: Called Strike 0-2: Ball 1-2: Strikes out looking
|
Batting: RHB Pedro Severino
|
0-0: SOLO HOME RUN (Line Drive, 8RXD), Distance : 429 ft
|
Batting: LHB Ben Revere
|
0-0: Foul Ball, location: 2F 0-1: Ground out 5-3 (Groundball, 5L)
|
Batting: RHB Cameron Maybin
|
0-0: SINGLE (Line Drive, 4M)
|
Batting: RHB Manny Machado
|
0-0: Ball 1-0: Ball 2-0: Ball 3-0: Base on Balls Cameron Maybin to second
|
Batting: RHB Kris Bryant
|
0-0: Ball 1-0: Foul Ball, location: 2F 1-1: Ball 2-1: Foul Ball, location: 2F 2-2: Strikes out looking
|
Top of the 12th over - 1 run, 2 hits, 0 errors, 2 left on base; Seattle 6 - Minnesota 5 |
BOTTOM OF THE 12TH |
Minnesota Twins batting - Pitching for Seattle Mariners : RHP Edubray Ramos
|
Batting: RHB Ian Kinsler
|
0-0: Ball 1-0: Ball 2-0: Fly out, F8 (Line Drive, 8LD)
|
Batting: RHB Howie Kendrick
|
0-0: Called Strike 0-1: Foul Ball, location: 2F 0-2: Foul Ball, location: 2F 0-2: Strikes out swinging
|
Batting: LHB Freddie Freeman
|
0-0: Called Strike 0-1: Ball 1-1: Ball 2-1: Ball 3-1: Fly out, F6 (Flyball, 56D)
|
Bottom of the 12th over - 0 runs, 0 hits, 0 errors, 0 left on base; Seattle 6 - Minnesota 5 |
|